 Dungeon Crawl Stone Soup version 0.25-a0-975-gcae8493d64 (webtiles) character file.

Game seed: 16113200198905321030, levelgen mode: deterministic

382 Flugslaktarn the Chopper (level 6, -9/56 HPs)
             Began as a Minotaur Fighter on May 9, 2020.
             Was an Initiate of Ru.
             Mangled by Menkaure (11 damage)
             ... on level 5 of the Dungeon.
             The game lasted 00:01:01 (2439 turns).

Flugslaktarn the Chopper (Minotaur Fighter)         Turns: 2439, Time: 00:01:01

Health: -9/56      AC:  7    Str: 21    XL:     6   Next: 47%
Magic:  5/5        EV:  7    Int:  5    God:    Ru [......]
Gold:   178        SH: 10    Dex: 11    Spells: 5/5 levels left

rFire    . . .     SeeInvis .   a - +0 war axe
rCold    . . .     Gourm    .   c - +0 kite shield
rNeg     . . .     Faith    .   b - +0 scale mail
rPois    .         Spirit   .   (helmet restricted)
rElec    .         Reflect  .   (no cloak)
rCorr    .         Harm     .   (no gloves)
MR       .....                  (no boots)
Stlth    ..........             (no amulet)
HPRegen  0.18/turn              (no ring)
MPRegen  0.09/turn              (no ring)

@: mighty
A: retaliatory headbutt, horns 2
a: Renounce Religion


You were on level 5 of the Dungeon.
You worshipped Ru.
Ru was noncommittal.
You were not hungry.

You visited 2 branches of the dungeon, and saw 6 of its levels.

You collected 220 gold pieces.
You spent 42 gold pieces at shops.

Inventory:

Hand Weapons
 a - a +0 war axe (weapon)
Armour
 b - a +0 scale mail (worn)
 c - a +0 kite shield (worn)
Jewellery
 f - a +4 ring of intelligence {unknown}
   (You found it on level 4 of the Dungeon)
Scrolls
 h - a scroll of remove curse {unknown}
 i - 3 scrolls of teleportation
 k - a scroll of blinking {unknown}
 m - a scroll of identify {unknown}
 p - a scroll of random uselessness {unknown}
Potions
 d - a potion of might
 g - a potion of heal wounds {unknown}
 j - 2 potions of berserk rage {unknown}
 l - a potion of curing {unknown}
 n - a potion of ambrosia {unknown}
 o - a potion of mutation {unknown}
Comestibles
 e - 4 rations


   Skills:
 + Level 5.1 Fighting
 * Level 5.5 Axes
 + Level 5.0 Armour
 + Level 5.1 Shields


You had 5 spell levels left.
You didn't know any spells.
Your spell library was empty.

Dungeon Overview and Level Annotations

Branches:
Dungeon (5/15)             Temple (1/1) D:4

Altars:
Dithmenos
Ru
Xom

Shops:
D:4 ?

Annotations:
D:5 Menkaure


Innate Abilities, Weirdness & Mutations

You reflexively headbutt those who attack you in melee.
You have a pair of horns on your head.


Message History

You are too injured to fight recklessly!
You are too injured to fight recklessly!
You are too injured to fight recklessly!
Unknown command.
You feel very mighty all of a sudden. The hound bites you.
* * * LOW HITPOINT WARNING * * *
The jackal bites you but does no damage.
The hound barely misses you. You block Menkaure's attack.
You block the jackal's attack.
You hit Menkaure.
Menkaure is lightly damaged.
You closely miss the hound.
Your shield and scale mail prevent you from hitting the jackal.
You block the hound's attack. Menkaure casts a spell at you.
You barely resist.
The jackal bites you but does no damage.
You block the hound's attack. Menkaure hits you!
You die...

.......#.#._.#.##
.........##.##..#
..........###...#
#..............##
#......##.....##
#<
##....####..###
#... ##..## ##.##
####...?# #..##
##.###.h...# ..##
##...@h.###
#..††M.....#
#.....$.......
##............
#............
##...........
###.........
##........ ......


You could see Menkaure (fast), a hound and a jackal.

Vanquished Creatures
  A phantom (D:5)
  A centaur (D:5)
  An orc priest (D:4)
  A hound (D:4)
  A worker ant (D:4)
  4 gnolls (D:2)
  6 adders
  An ooze (D:4)
  An adder zombie (D:5)
  A worm (D:4)
  2 giant cockroaches
  A goblin (D:2)
  A hobgoblin (D:2)
  7 jackals
  2 quokkas
  A bat (D:3)
  A frilled lizard (D:3)
  2 quokka skeletons
  2 rats (D:2)
37 creatures vanquished.

Notes
Turn   | Place    | Note
-------+----------+-------------------------------------------
     0 | D:1      | Flugslaktarn the Minotaur Fighter began the quest for the
                  | Orb.
     0 | D:1      | Reached XP level 1. HP: 19/19 MP: 0/0
   111 | D:2      | Reached XP level 2. HP: 19/27 MP: 1/1
   235 | D:2      | Reached XP level 3. HP: 23/33 MP: 2/2
   803 | D:3      | Reached XP level 4. HP: 34/40 MP: 3/3
  1079 | D:4      | Found Deudyn's Magic Scroll Shoppe.
  1085 | D:4      | Bought a scroll of teleportation for 42 gold pieces
  1237 | D:4      | Found a sacrificial altar of Ru.
  1245 | D:4      | Became a worshipper of Ru the Awakened
  1301 | D:4      | Found a staircase to the Ecumenical Temple.
  1309 | D:4      | Reached XP level 5. HP: 35/47 MP: 4/4
  1392 | Temple   | Entered the Ecumenical Temple
  2159 | D:5      | Entered Level 5 of the Dungeon
  2180 | D:5      | Noticed a centaur
  2189 | D:5      | Killed a centaur
  2189 | D:5      | Reached skill level 5 in Axes
  2189 | D:5      | Reached XP level 6. HP: 32/55 MP: 5/5
  2332 | D:5      | Reached skill level 5 in Fighting
  2332 | D:5      | Reached skill level 5 in Armour
  2332 | D:5      | Reached skill level 5 in Shields
  2413 | D:5      | Found a shadowy altar of Dithmenos.
  2429 | D:5      | Noticed Menkaure
  2438 | D:5      | HP: 2/56 [hound (4)]
  2439 | D:5      | Mangled by Menkaure

Illustrated notes

Levels and vault maps discovered:
D:1:      heliophobic_arrival_glass_houses, layout_basic
D:2:      layout_loops_ring, nicolae_gozag_cash_rules_everything_around_me,
          first_ration
D:3:      layout_rooms, chequers_serial_rivers_micro_b
D:4:      layout_basic, nicolae_ru_sacrificial_ziggurat,
          minmay_temple_entry_proselytizer, serial_shops, nicolae_shop_stone,
          minmay_misc_feat_cross
D:5:      layout_cave_pods, vehumet_statue,
          nicolae_dithmenos_through_a_glass_darkly, uniq_menkaure
Temple:   regret_index_temple_waves

Skill      XL: |  1  2  3  4  5  6 |
---------------+-------------------+-----
Axes           | 3 4 5 |  5.5
Fighting       | 4 5 |  5.1
Armour         | 4 5 |  5.0
Shields        | 4 5 |  5.1

Action                   |  1- 3 |  4- 6 || total
-------------------------+-------+-------++-------
Melee: War axe           |    37 |    66 ||   103
       Headbutt          |     3 |    16 ||    19
  Use: Potion            |       |     1 ||     1
  Eat: Chunk             |       |     3 ||     3
       Ration            |       |     1 ||     1
Armor: Scale mail        |    21 |    42 ||    63
Dodge: Dodged            |    26 |    25 ||    51
Block: Kite shield       |    30 |    38 ||    68

Table legend:
 A = Non-vault XP
 B = Vault XP
 C = Vault XP percentage of total XP
 D = Non-vault monster count
 E = Vault monster count
 F = Vault count percentage of total count
                 A         B        C        D         E       F
            +---------+---------+-------+---------+---------+-------
      Total |     506 |      41 |   7.5 |      36 |       1 |   2.7
            +---------+---------+-------+---------+---------+-------
        D:2 |      89 |       0 |   0.0 |      10 |       0 |   0.0
        D:3 |      52 |       0 |   0.0 |      10 |       0 |   0.0
        D:4 |     103 |      41 |  28.5 |       8 |       1 |  11.1
        D:5 |     262 |       0 |   0.0 |       8 |       0 |   0.0
            +---------+---------+-------+---------+---------+-------
